 Dungeon Crawl Stone Soup version 0.22-a0-422-g9628fc8 (webtiles) character file.

1723 Kairos the Chopper (level 9, -14/46 HPs)
             Began as a Vine Stalker Fighter on May 16, 2018.
             Demolished by a slime creature (15 damage)
             ... on level 5 of the Dungeon.
             The game lasted 00:07:44 (4244 turns).

Kairos the Chopper (Vine Stalker Fighter)           Turns: 4244, Time: 00:07:46

Health: -14/46     AC: 10    Str: 27    XL:     9   Next: 4%
Magic:  0/10       EV:  9    Int: 11    God:
Gold:   229        SH: 11    Dex: 14    Spells: 8/8 levels left

rFire    + . .     SeeInvis .   a - +0 war axe
rCold    . . .     Gourm    .   c - +0 shield
rNeg     . . .     Faith    .   i - +2 scale mail {rF+}
rPois    .         Spirit   +   q - +0 helmet
rElec    .         Reflect  .   (no cloak)
rCorr    .         Harm     .   (no gloves)
MR       +....                  (no boots)
Stlth    ..........             (no amulet)
HPRegen  0.55/turn              C - +3 ring of intelligence
MPRegen  0.12/turn              (no ring)

@: mighty
A: fangs 3, regeneration 1, magic shield, antimagic bite, no potion heal 3, rot
immunity
a: no special abilities


You were on level 5 of the Dungeon.
You were near starving.

You visited 2 branches of the dungeon, and saw 6 of its levels.

You collected 229 gold pieces.

Inventory:

Hand Weapons
 a - a +0 war axe (weapon)
 o - a +0 whip of electrocution
Armour
 c - a +0 shield (worn)
 i - a +2 scale mail of fire resistance (worn)
 q - a +0 helmet (worn)
Jewellery
 y - a cursed ring of teleportation {unknown}
 C - a +3 ring of intelligence (left hand)
Wands
 e - a wand of acid (10)
 v - a wand of random effects (20)
 z - a wand of clouds (4)
 D - a wand of disintegration (13)
Scrolls
 b - a scroll of noise {unknown}
 g - 2 scrolls of amnesia
 j - 3 scrolls of teleportation
 k - a scroll of enchant armour {unknown}
 n - a scroll of enchant weapon {unknown}
 p - a scroll of random uselessness {unknown}
 r - 2 scrolls of immolation {unknown}
 t - 6 scrolls of remove curse
 u - a scroll of fear {unknown}
 w - 2 scrolls of magic mapping {unknown}
 x - a scroll of identify
Potions
 d - a potion of might
 h - a potion of mutation {unknown}
 l - a potion of heal wounds {unknown}
 m - 2 potions of degeneration {unknown}
 s - 4 potions of brilliance {unknown}
 A - a potion of invisibility {unknown}
 B - a potion of haste {unknown}
Comestibles
 f - 5 rations


   Skills:
 + Level 4.5 Fighting
 + Level 7.0(7.2) Axes
 + Level 1.5(4.7) Maces & Flails
 + Level 4.2 Armour
 + Level 2.0 Dodging
 + Level 1.0 Stealth
 + Level 5.1 Shields
 + Level 0.3 Evocations


You had 8 spell levels left.
You didn't know any spells.
Your spell library was empty.

Dungeon Overview and Level Annotations

Branches:
Dungeon (5/15)             Temple (1/1) D:5

Altars:
Ashenzari
Cheibriados
Dithmenos
Elyvilon
Fedhas
Gozag
Hepliaklqana
Kikubaaqudgha
Makhleb
Nemelex Xobeh
Qazlal
Ru
Sif Muna
Trog
Uskayaw
Vehumet
Wu Jian
Xom
Yredelemnul
Zin
The Shining One


Innate Abilities, Weirdness & Mutations

You have razor-sharp teeth.
Your natural rate of healing is unusually fast.
When hurt, damage is shared between your health and your magic reserves.
Your bite disrupts and absorbs the magic of your enemies.
Potions cannot restore your health.
You are immune to rotting.


Message History

You are too injured to fight recklessly!
You hit the slime creature. You bite the slime creature! You drain its power.
You feel invigorated.
The slime creature is heavily wounded.
You slash the slime creature! The slime creature hits you!
* * * LOW HITPOINT WARNING * * *
You block the slime creature's attack. The slime creature hits you!
* * * LOW HITPOINT WARNING * * *
The slime creature hits you but does no damage.
You feel very mighty all of a sudden.
The slime creature completely misses you.
The slime creature hits you.
* * * LOW HITPOINT WARNING * * *
You slash the slime creature! You bite the slime creature. You drain its power.
You feel invigorated.
The slime creature is severely wounded.
You slash the slime creature! The slime creature hits you!
* * * LOW HITPOINT WARNING * * *
The slime creature hits you!
You die...

##.# #.# #.############
#.# #.##?.....##(#######
#.#
#.##....÷.#.#.#....####(#
#.##......#(#.#.....##(.#
#.##......#(#'#...(..(..#
#.##..÷...#.#.....)(('..#
#.##...JJ.#)#.......('.(#
#.##÷...@.#.#.......##..#
#.##PP..÷÷'##......###..#
#.##......############.##
#.######### #######..#
#.#############.......##
#.##..(.(.......#..####
#..#.####(.((......#
##.#.# #...#.#...÷# #...#
#..#.#.#...#


You could see 2 slime creatures.

Vanquished Creatures
  Grinder (D:3)
  Sigmund (D:4)
  Menkaure (D:4)
  2 ogres
  2 centaurs
  4 big kobolds (D:5)
  A bullfrog zombie (D:5)
  2 orc priests (D:4)
  4 hounds
  3 jellies (D:5)
  Natasha (thrice) (D:4)
  4 orc wizards (D:4)
  Robin (D:2)
  A howler monkey zombie (D:5)
  5 adders
  4 oozes (D:5)
  3 worms
  4 dart slugs
  4 leopard geckos
  6 orcs
  2 giant cockroaches (D:1)
  13 goblins
  9 hobgoblins
  6 jackals (D:2)
  7 kobolds
  3 quokkas
  2 ball pythons
  5 bats
  4 frilled lizards
  5 rats
112 creatures vanquished.

Vanquished Creatures (others)
  3 fungi (D:5)
  8 toadstools (D:5)
11 creatures vanquished.

Grand Total: 123 creatures vanquished

Notes
Turn   | Place    | Note
-------+----------+-------------------------------------------
     0 | D:1      | Kairos the Vine Stalker Fighter began the quest for the Orb.
     0 | D:1      | Reached XP level 1. HP: 11/11 MP: 2/2
   128 | D:1      | Reached XP level 2. HP: 16/16 MP: 3/3
   180 | D:1      | Reached skill level 2 in Axes
   452 | D:1      | Found a snail-covered altar of Cheibriados.
   458 | D:1      | Reached XP level 3. HP: 19/19 MP: 4/4
   640 | D:2      | Noticed Robin
   661 | D:2      | Killed Robin
  1079 | D:2      | Gained mutation: Your natural rate of healing is unusually fast. [Vine Stalker growth]
  1079 | D:2      | Reached XP level 4. HP: 23/23 MP: 5/5
  1224 | D:2      | Reached skill level 3 in Axes
  1666 | D:3      | Noticed Grinder
  1676 | D:3      | Killed Grinder
  1676 | D:3      | Reached skill level 4 in Axes
  1676 | D:3      | Reached XP level 5. HP: 7/28 MP: 6/6
  1676 | D:3      | Reached XP level 6. HP: 9/32 MP: 7/7
  2686 | D:4      | Reached skill level 1 in Dodging
  2691 | D:4      | Reached skill level 1 in Maces & Flails
  2691 | D:4      | Reached XP level 7. HP: 24/36 MP: 8/8
  2889 | D:4      | Reached skill level 5 in Axes
  2910 | D:4      | Noticed Sigmund
  2920 | D:4      | Killed Sigmund
  2920 | D:4      | Gained mutation: You have razor-sharp teeth. [Vine Stalker growth]
  2920 | D:4      | Reached XP level 8. HP: 40/42 MP: 9/9
  2937 | D:4      | Noticed Menkaure
  2944 | D:4      | Killed Menkaure
  3018 | D:4      | Noticed Natasha
  3034 | D:4      | Killed Natasha
  3074 | D:4      | Noticed Natasha
  3081 | D:4      | Killed Natasha
  3134 | D:4      | Noticed Natasha
  3138 | D:4      | Killed Natasha
  3147 | D:4      | Found a glowing silver altar of Zin.
  3149 | D:4      | Found a basalt altar of Yredelemnul.
  3149 | D:4      | Found a sacrificial altar of Ru.
  3332 | D:5      | Entered Level 5 of the Dungeon
  3531 | D:5      | Reached skill level 6 in Axes
  3570 | D:5      | Reached skill level 5 in Shields
  3574 | D:5      | Reached skill level 1 in Stealth
  3635 | D:5      | Noticed a slime creature
  3635 | D:5      | Noticed a slime creature
  3670 | D:5      | Found a staircase to the Ecumenical Temple.
  3693 | D:5      | Reached XP level 9. HP: 42/46 MP: 10/10
  3705 | Temple   | Entered the Ecumenical Temple
  4029 | D:5      | Reached skill level 7 in Axes
  4244 | D:5      | HP: 1/46 [slime creature (4)]
  4244 | D:5      | Demolished by a slime creature

Vault maps used:
D:1:      lightli_arrival_noodles, kennysheep_flooded_box
D:2:      minmay_misc_feat_cross, uniq_robin
D:3:      uniq_grinder
D:4:      minitemple, first_ration, uniq_natasha, uniq_sigmund, uniq_menkaure
D:5:      cheibrodos_fertilizer, minmay_temple_entry_grid, lemuel_blue_sif_altar
Temple:   dpeg_five_rooms_temple

Skill      XL: |  1  2  3  4  5  6  7  8  9 |
---------------+----------------------------+-----
Axes           | 2 4 5 6 7 |  7.0
Shields        | 3 4 5 |  5.1
Fighting       | 3 4 |  4.5
Armour         | 3 4 |  4.2
Dodging        | 1 2 |  2.0
Maces & Flails | 1 |  1.5
Stealth        | 1 |  1.0
Evocations     | |  0.3

Action                   |  1- 3 |  4- 6 |  7- 9 || total
-------------------------+-------+-------+-------++-------
Melee: War axe           |    92 |    64 |   131 ||   287
       Bite              |    21 |    30 |    40 ||    91
       Whip              |       |    27 |       ||    27
Evoke: Wand              |       |       |     3 ||     3
  Use: Scroll            |     2 |     1 |       ||     3
       Potion            |       |       |     2 ||     2
  Eat: Chunk             |       |     2 |     4 ||     6
       Ration            |       |     1 |       ||     1
Armor: Scale mail        |    52 |    39 |    83 ||   174
Dodge: Dodged            |    28 |    30 |    46 ||   104
Block: Shield            |    42 |    51 |    74 ||   167

Table legend:
 A = Spawn XP
 B = Non-spawn XP
 C = Spawn XP percentage of total XP
 D = Spawn monster count
 E = Non-spawn monster count
 F = Spawn count percentage of total count
 G = Total turns spent on level
                    A         B        C        D         E        F      G
               +---------+---------+-------+---------+---------+-------+---------
         Total |       0 |    2462 |   0.0 |       0 |     112 |   0.0 |  4244
               +---------+---------+-------+---------+---------+-------+---------
           D:1 |       0 |      35 |   0.0 |       0 |      20 |   0.0 |   616
           D:2 |       0 |      78 |   0.0 |       0 |      31 |   0.0 |   924
           D:3 |       0 |     330 |   0.0 |       0 |      13 |   0.0 |  1088
           D:4 |       0 |    1109 |   0.0 |       0 |      27 |   0.0 |   704
           D:5 |       0 |     910 |   0.0 |       0 |      21 |   0.0 |   673
               +---------+---------+-------+---------+---------+-------+---------
